 Dungeon Crawl Stone Soup version 0.18.1-50-g88ac8fd (console) character file.

3303 Kloppie the Cleaver (level 10, -1/139 HPs)
             Began as a Hill Orc Berserker on Sept 21, 2016.
             Was an Elder of Trog.
             Slain by a gnoll
             ... wielding a +0 spear
              (2 damage)
             ... on level 7 of the Dungeon.
             The game lasted 00:11:06 (7346 turns).

Kloppie the Cleaver (Hill Orc Berserker)            Turns: 7346, Time: 00:11:07

Health: -1/139     AC: 10    Str: 29    XL:     10   Next: 1%
Magic:  10/10      EV: 10    Int:  7    God:    Trog [****..]
Gold:   207        SH:  0    Dex: 10    Spells: 0 memorised, 9 levels left

rFire  . . .     SeeInvis .     a - +2 hand axe
rCold  . . .     Gourm    .     v - +0 scale mail
rNeg   . . .     Faith    .     (no shield)
rPois  .         Spirit   .     w - +1 helmet
rElec  .         Dismiss  .     (no cloak)
rCorr  .         Reflect  .     (no gloves)
SustAt .         Harm     .     (no boots)
MR     +++..                    (no amulet)
Stlth  ..........               r - ring of protection from magic
                                (no ring)

@: berserking (expiring), lethally poisoned (-1 -> -4), regenerating, very
quick, extremely resistant to hostile enchantments, extremely unstealthy
A: no striking features
a: Berserk, Trog's Hand, Brothers in Arms, Burn Spellbooks, Renounce Religion


You were on level 7 of the Dungeon.
You worshipped Trog.
Trog was greatly pleased with you.
You were not hungry.

You visited 1 branch of the dungeon, and saw 7 of its levels.
You also visited: Ossuary.

You collected 367 gold pieces.
You spent 160 gold pieces at shops.

Inventory:

Hand Weapons
 a - a +2 hand axe (weapon)
 b - a cursed +2 battleaxe of freezing
Armour
 v - a +0 scale mail (worn)
 w - a +1 helmet (worn)
Jewellery
 d - an uncursed ring of positive energy
 r - a ring of protection from magic (right hand)
Wands
 x - a wand of lightning (7/15)
 J - a wand of iceblast (9/15)
Scrolls
 i - 2 scrolls of remove curse
 k - a scroll of magic mapping
 l - a scroll of blinking
 u - a scroll of fear
Potions
 f - 3 potions of might
 g - a potion of cure mutation
 j - 2 potions of berserk rage
 m - 4 potions of haste
 s - a potion of cancellation
 t - 2 potions of curing
 z - a potion of brilliance {unknown}
 A - 2 potions of heal wounds {unknown}
 E - 2 potions of mutation {unknown}
 G - a potion of flight {unknown}
 I - a potion of lignification {unknown}
Comestibles
 c - 7 bread rations
 p - a fruit
 B - a beef jerky


   Skills:
 + Level 10.2 Fighting
 + Level 11.2 Axes
 + Level 8.7 Armour
 - Level 1.5 Dodging


You had 9 spell levels left.
You didn't know any spells.

Dungeon Overview and Level Annotations

Branches:
Dungeon (7/15)             Temple (0/1) D:6

Altars:
Ashenzari
Elyvilon
Fedhas
Gozag
Makhleb
Pakellas
Vehumet
Zin
The Shining One

Shops:
D:6 *


Message History

The killer bee is severely wounded.
You barely miss the killer bee.
The killer bee is heavily wounded.
You feel sick. The killer bee barely misses you.
The killer bee stings you but does no damage.
The gnoll completely misses you.
You slash the killer bee!
You kill the killer bee!
Trog accepts your kill.
You barely miss the killer bee.
The killer bee is heavily wounded.
You feel sick. The killer bee stings you.
* * * LOW HITPOINT WARNING * * *
You slash the killer bee!
The killer bee is almost dead.
* * * LOW HITPOINT WARNING * * *
You feel sick.
The killer bee stings you but does no damage.
The gnoll hits you from afar with a spear.
You die...

#...... +...... .....
...... ...... .....
..... #... ### #..#
#.. #..g##.####..##
#.. +..)))........#
..#..
#..)@y†.......#...#..
#.............#...#..
#.####+###...##..##..
# ..###...##..#...
............#...
.........(..#...
.............#...
.............#...
#...##....##'#...


You could see a killer bee and a gnoll.

Vanquished Creatures
  Pikel (D:4)
  Grinder (D:3)
  Menkaure (D:5)
  3 sky beasts
  2 ice beasts (D:6)
  A phantom (D:5)
  An ogre (D:5)
  Blork the orc (D:6)
  2 giant frogs (D:6)
  A gnoll sergeant (D:7)
  4 iguanas
  2 scorpions
  3 wights (D:7)
  5 killer bees (D:7)
  5 crimson imps
  3 hounds
  A centaur zombie (Ossuary)
  2 human zombies (Ossuary)
  2 orc priests (D:5)
  Natasha (thrice) (D:3)
  3 orc wizards
  3 worker ants
  A big kobold zombie (Ossuary)
  4 mummies (Ossuary)
  A worker ant zombie (D:5)
  Robin (D:3)
  4 gnolls
  11 adders
  4 shadow imps
  3 oozes
  2 adder skeletons (D:4)
  An adder zombie (D:6)
  3 worms
  3 dart slugs
  9 giant geckos
  15 orcs
  6 bats
  10 giant cockroaches
  21 goblins
  7 hobgoblins
  12 jackals
  4 kobolds
  2 quokkas
  A giant gecko skeleton (D:4)
  4 giant newts
  2 goblin zombies (Ossuary)
  A kobold zombie (Ossuary)
  An orc zombie (Ossuary)
  12 rats
195 creatures vanquished.

Vanquished Creatures (others)
  A slave (D:4)
  A giant frog skeleton (D:4)
  A hobgoblin (D:4)
3 creatures vanquished.

Grand Total: 198 creatures vanquished

Notes
Turn   | Place    | Note
--------------------------------------------------------------
     0 | D:1      | Kloppie the Hill Orc Berserker began the quest for the Orb.
     0 | D:1      | Reached XP level 1. HP: 19/19 MP: 1/1
    31 | D:1      | Reached XP level 2. HP: 24/27 MP: 2/2
   334 | D:1      | Reached XP level 3. HP: 25/33 MP: 3/3
   972 | D:1      | Reached ** piety under Trog
  1064 | D:2      | Reached skill level 5 in Axes
  1159 | D:2      | Reached XP level 4. HP: 35/41 MP: 4/4
  1238 | D:2      | Found a blossoming altar of Fedhas.
  1358 | D:2      | Found a shattered altar of Ashenzari.
  1439 | D:2      | Found an opulent altar of Gozag.
  1691 | D:3      | Noticed Robin
  1705 | D:3      | Killed Robin
  1705 | D:3      | Reached skill level 5 in Fighting
  1710 | D:3      | Reached XP level 5. HP: 18/48 MP: 5/5
  1778 | D:3      | Reached *** piety under Trog
  1833 | D:3      | Reached skill level 6 in Axes
  1866 | D:3      | Noticed Natasha
  1885 | D:3      | HP: 2/48 [Natasha (5)]
  1892 | D:3      | Killed Natasha
  1892 | D:3      | Reached XP level 6. HP: 5/56 MP: 6/6
  2125 | D:3      | Noticed Grinder
  2142 | D:3      | Killed Grinder
  2362 | D:3      | Noticed Natasha
  2377 | D:3      | Killed Natasha
  2377 | D:3      | Reached skill level 7 in Axes
  2377 | D:3      | Reached XP level 7. HP: 45/63 MP: 7/7
  2475 | D:3      | Found an oddly glowing altar of Pakellas.
  2483 | D:3      | Found a glowing silver altar of Zin.
  2698 | D:3      | Found a burning altar of Makhleb.
  3171 | D:3      | Noticed Natasha
  3181 | D:3      | Killed Natasha
  3382 | D:4      | Noticed Pikel
  3412 | D:4      | Killed Pikel
  3412 | D:4      | Reached skill level 8 in Axes
  3412 | D:4      | Reached skill level 5 in Armour
  3412 | D:4      | Reached XP level 8. HP: 74/74 MP: 8/8
  3479 | D:4      | Found a glowing golden altar of the Shining One.
  4028 | D:4      | Found a white marble altar of Elyvilon.
  4077 | D:5      | Entered Level 5 of the Dungeon
  4188 | D:5      | Noticed Menkaure
  4195 | D:5      | Killed Menkaure
  4197 | D:5      | Reached skill level 9 in Axes
  4402 | D:5      | Found a sand-covered staircase.
  4407 | Ossuary  | Entered an ossuary
  4572 | Ossuary  | Reached XP level 9. HP: 48/82 MP: 9/9
  4799 | D:5      | Reached **** piety under Trog
  5694 | D:5      | Reached skill level 10 in Axes
  6080 | D:6      | Found Zisi's Assorted Antiques.
  6086 | D:6      | Bought a scratched peridot ring for 160 gold pieces
  6087 | D:6      | Noticed Blork the orc
  6098 | D:6      | Killed Blork the orc
  6949 | D:6      | Found a staircase to the Ecumenical Temple.
  7261 | D:7      | Found a radiant altar of Vehumet.
  7332 | D:7      | Reached skill level 10 in Fighting
  7332 | D:7      | Reached skill level 11 in Axes
  7342 | D:7      | Reached XP level 10. HP: 10/93 MP: 10/10
  7342 | D:7      | HP: 6/139 [killer bee (4)]
  7345 | D:7      | HP: 1/139 [killer bee (4)]
  7346 | D:7      | Slain by a gnoll

Skill      XL: |  1  2  3  4  5  6  7  8  9 |
---------------+----------------------------+-----
Fighting       | 4 5 6 7 8 10 | 10.2
Axes           | 5 6 7 8 9 11 | 11.2
Armour         | 3 4 5 6 8 |  8.7
Dodging        | |  1.5

Action                   |  1- 3 |  4- 6 |  7- 9 | 10-12 || total
-------------------------+-------+-------+-------+-------++-------
Melee: Hand axe          |    88 |   208 |   677 |     4 ||   977
Invok: Berserk           |     1 |     3 |     6 |       ||    10
       Trog's Hand       |       |     3 |     8 |       ||    11
  Use: Potion            |       |       |     1 |       ||     1
       Scroll            |       |       |    18 |       ||    18
  Eat: Chunk             |     2 |     8 |    15 |       ||    25
       Meat ration       |       |       |     1 |       ||     1
       Bread ration      |       |       |     1 |       ||     1
Armor: Ring mail         |    45 |    20 |       |       ||    65
       Animal skin       |     1 |       |       |       ||     1
       Scale mail        |       |    44 |   277 |     4 ||   325
Dodge: Dodged            |    55 |   101 |   239 |     4 ||   399
